| TOP OF THE 1ST |
|
Tri-City Dust Devils batting - Pitching for State College Spikes : RHP Ed Puentes
|
|
Pitching: RHP Ed Puentes
|
|
|
Batting: RHB Jeremy Mercer
|
0-0: Ball 1-0: Foul Ball, location: 2F 1-1: Foul Ball, location: 2F 1-2: Foul Ball, location: 2F 1-2: Ball 2-2: Foul Ball, location: 2F 2-2: Foul Ball, location: 2F 2-2: Fly out, F8 (Line Drive, 8LD, EV 83.8 MPH)
|
|
Batting: SHB Ryan Brown
|
0-0: Ball 1-0: Ball 2-0: Fly out, F8 (Line Drive, 8LD, EV 85.6 MPH)
|
|
Batting: LHB Frank McConnell
|
0-0: Ball 1-0: Ball 2-0: Called Strike 2-1: Called Strike 2-2: Ball 3-2: Foul Ball, location: 2F 3-2: Foul Ball, location: 2F 3-2: Strikes out swinging
|
| Top of the 1st over - 0 runs, 0 hits, 0 errors, 0 left on base; Tri-City 0 - State College 0 |
| BOTTOM OF THE 1ST |
|
State College Spikes batting - Pitching for Tri-City Dust Devils : RHP Takahide Watanabe
|
|
Pitching: RHP Takahide Watanabe
|
|
|
Batting: RHB Mark Cahill
|
0-0: Fly out, F7 (Flyball, 78D, EV 103.8 MPH)
|
|
Batting: LHB Adam Eisen
|
0-0: Ball 1-0: Ball 2-0: Ball 3-0: Base on Balls
|
|
Batting: LHB Shigeru Ono
|
0-0: SINGLE (Groundball, 34D, EV 96.9 MPH) Adam Eisen to second Adam Eisen to third
|
|
Batting: RHB Mark Marks
|
0-0: Ball 1-0: Ball 2-0: Foul Ball, location: 2F 2-1: Swinging Strike 2-2: Foul Ball, location: 2F 2-2: SINGLE (Groundball, 56D, EV 98.8 MPH) Adam Eisen scores Shigeru Ono to second
|
|
Batting: RHB Francisco Vargas
|
0-0: Ball 1-0: Swinging Strike 1-1: Called Strike 1-2: SINGLE (Line Drive, 34, EV 101.9 MPH) Shigeru Ono to third Mark Marks to second
|
|
Batting: RHB Mike Zimmerly
|
0-0: Ball 1-0: Fielders Choice at 2nd, 5-4 (Groundball, 56S, EV 85.0 MPH) Shigeru Ono scores Mark Marks to third
|
|
Batting: RHB John Gibbs
|
0-0: Ball 1-0: Swinging Strike 1-1: Ball 2-1: Fielders Choice at 2nd, 5-4 (Groundball, 5, EV 83.1 MPH)
|
| Bottom of the 1st over - 2 runs, 3 hits, 0 errors, 2 left on base; Tri-City 0 - State College 2 |
| TOP OF THE 2ND |
|
Tri-City Dust Devils batting - Pitching for State College Spikes : RHP Ed Puentes
|
|
Batting: RHB Jaden Scott
|
0-0: Called Strike 0-1: Foul Ball, location: 2F 0-2: Strikes out swinging, 2-3 out at first.
|
|
Batting: LHB Paul Adams
|
0-0: SINGLE (Groundball, 34D, EV 111.3 MPH)
|
|
Batting: RHB Hector Fernandez
|
0-0: Ball 1-0: Ball 2-0: Foul Ball, location: 2F 2-1: Foul Ball, location: 2F 2-2: Strikes out looking
|
|
Batting: RHB Bryan Pitcher
|
0-0: Ground out U3 (Groundball, 3, EV 86.9 MPH)
|
| Top of the 2nd over - 0 runs, 1 hit, 0 errors, 1 left on base; Tri-City 0 - State College 2 |
| BOTTOM OF THE 2ND |
|
State College Spikes batting - Pitching for Tri-City Dust Devils : RHP Takahide Watanabe
|
|
Batting: SHB Steve Barnett
|
0-0: Ground out U3 (Groundball, 3, EV 88.1 MPH)
|
|
Batting: RHB Francisco de la Cruz
|
0-0: Foul Ball, location: 2F 0-1: Fly out, F7 (Flyball, 7LD, EV 99.4 MPH)
|
|
Batting: RHB Mark Cahill
|
0-0: Ball 1-0: Swinging Strike 1-1: Foul Ball, location: 2F 1-2: Ball 2-2: Ground out 5-3 (Groundball, 56, EV 106.3 MPH)
|
| Bottom of the 2nd over - 0 runs, 0 hits, 0 errors, 0 left on base; Tri-City 0 - State College 2 |
| TOP OF THE 3RD |
|
Tri-City Dust Devils batting - Pitching for State College Spikes : RHP Ed Puentes
|
|
Batting: RHB Joe Weissman
|
0-0: Called Strike 0-1: Ball 1-1: Swinging Strike 1-2: SINGLE (Flyball, 8LS, EV 94.4 MPH)
|
|
Batting: RHB Ron Major
|
0-0: Called Strike 0-1: Foul Ball, location: 2F 0-2: Ball 1-2: Strikes out swinging
|
|
Batting: RHB Jeremy Mercer
|
0-0: Called Strike 0-1: Ball 1-1: Foul Ball, location: 2F 1-2: Strikes out swinging
|
|
Batting: SHB Ryan Brown
|
0-0: Ball 1-0: Called Strike 1-1: 2-RUN HOME RUN (Line Drive, 9D, EV 97.5 MPH), Distance : 385 ft
|
|
Batting: LHB Frank McConnell
|
0-0: Foul Ball, location: 2F 0-1: Swinging Strike 0-2: Ball 1-2: Foul Ball, location: 2F 1-2: SINGLE (Groundball, 34S, EV 68.8 MPH) (infield hit)
|
|
Batting: RHB Jaden Scott
|
0-0: Ball Frank McConnell steals 2nd base 1-0: Swinging Strike 1-1: Swinging Strike 1-2: Strikes out looking
|
| Top of the 3rd over - 2 runs, 3 hits, 0 errors, 1 left on base; Tri-City 2 - State College 2 |
| BOTTOM OF THE 3RD |
|
State College Spikes batting - Pitching for Tri-City Dust Devils : RHP Takahide Watanabe
|
|
Batting: LHB Adam Eisen
|
0-0: Ball 1-0: Called Strike 1-1: Foul Ball, location: 2F 1-2: SINGLE (Line Drive, 4D, EV 101.9 MPH)
|
|
Batting: LHB Shigeru Ono
|
0-0: Ball Adam Eisen is caught stealing 2nd base 2-6 1-0: Foul Ball, location: 2F 1-1: Foul Ball, location: 2F 1-2: Strikes out swinging
|
|
Batting: RHB Mark Marks
|
0-0: Called Strike 0-1: Ball 1-1: Called Strike 1-2: Ball 2-2: Strikes out swinging
|
| Bottom of the 3rd over - 0 runs, 1 hit, 0 errors, 0 left on base; Tri-City 2 - State College 2 |
| TOP OF THE 4TH |
|
Tri-City Dust Devils batting - Pitching for State College Spikes : RHP Ed Puentes
|
|
Batting: LHB Paul Adams
|
0-0: Ground out 6-3 (Groundball, P, EV 86.9 MPH)
|
|
Batting: RHB Hector Fernandez
|
0-0: Ball 1-0: Swinging Strike 1-1: Called Strike 1-2: Ball 2-2: Strikes out swinging
|
|
Batting: RHB Bryan Pitcher
|
0-0: Swinging Strike 0-1: SINGLE (Line Drive, 4MD, EV 96.3 MPH)
|
|
Batting: RHB Joe Weissman
|
0-0: Ball 1-0: Called Strike 1-1: Fielders Choice at 2nd, 6-4 (Groundball, 6, EV 87.5 MPH)
|
| Top of the 4th over - 0 runs, 1 hit, 0 errors, 1 left on base; Tri-City 2 - State College 2 |
| BOTTOM OF THE 4TH |
|
State College Spikes batting - Pitching for Tri-City Dust Devils : RHP Takahide Watanabe
|
|
Batting: RHB Francisco Vargas
|
0-0: DOUBLE (Flyball, 89D, EV 103.8 MPH)
|
|
Batting: RHB Mike Zimmerly
|
0-0: Ball 1-0: Foul Ball, location: 2F 1-1: Ball 2-1: Foul Ball, location: 2F 2-2: Foul Ball, location: 2F 2-2: Fly out, F9 (Line Drive, 9D, EV 94.4 MPH) Runner from 2nd tags up, SAFE at 3rd, no throw by RF
|
|
Batting: RHB John Gibbs
|
0-0: Ball 1-0: DOUBLE (Groundball, 5L, EV 104.4 MPH) Francisco Vargas scores
|
|
Batting: SHB Steve Barnett
|
0-0: Called Strike 0-1: Ball 1-1: Swinging Strike 1-2: Fly out, F6 (Line Drive, 6, EV 68.8 MPH) Lined into DP, 6-4 (Line Drive, 6, EV 76.3 MPH)
|
| Bottom of the 4th over - 1 run, 2 hits, 0 errors, 0 left on base; Tri-City 2 - State College 3 |
| TOP OF THE 5TH |
|
Tri-City Dust Devils batting - Pitching for State College Spikes : RHP Ed Puentes
|
|
Batting: RHB Ron Major
|
0-0: Ground out 4-3 (Groundball, 4, EV 83.1 MPH)
|
|
Batting: RHB Jeremy Mercer
|
0-0: Called Strike 0-1: Ball 1-1: Foul Ball, location: 2F 1-2: Ball 2-2: Strikes out looking
|
|
Batting: SHB Ryan Brown
|
0-0: SINGLE (Groundball, 6, EV 95.6 MPH)
|
|
Batting: LHB Frank McConnell
|
0-0: Ball 1-0: Ball 2-0: Ball 3-0: Base on Balls Ryan Brown to second
|
|
Batting: RHB Jaden Scott
|
0-0: Ball 1-0: Ball 2-0: SINGLE (Line Drive, 7S, EV 111.3 MPH) Ryan Brown to third Frank McConnell to second
|
|
Batting: LHB Paul Adams
|
0-0: Ground out 5-3 (Groundball, 56S, EV 76.9 MPH)
|
| Top of the 5th over - 0 runs, 2 hits, 0 errors, 3 left on base; Tri-City 2 - State College 3 |
| BOTTOM OF THE 5TH |
|
State College Spikes batting - Pitching for Tri-City Dust Devils : RHP Takahide Watanabe
|
|
Batting: RHB Francisco de la Cruz
|
0-0: Called Strike 0-1: SINGLE (Groundball, 56D, EV 98.8 MPH)
|
|
Batting: RHB Mark Cahill
|
0-0: Ball 1-0: Grounds into double play, 6-4-3 (Groundball, 56D, EV 84.4 MPH)
|
|
Batting: LHB Adam Eisen
|
0-0: Ball 1-0: Foul Ball, location: 2F 1-1: Called Strike 1-2: Ball 2-2: Strikes out swinging
|
| Bottom of the 5th over - 0 runs, 1 hit, 0 errors, 0 left on base; Tri-City 2 - State College 3 |
| TOP OF THE 6TH |
|
Tri-City Dust Devils batting - Pitching for State College Spikes : RHP Ed Puentes
|
|
Batting: RHB Hector Fernandez
|
0-0: Called Strike 0-1: Ball 1-1: Called Strike 1-2: DOUBLE (Groundball, 5L, EV 104.4 MPH)
|
|
Batting: RHB Bryan Pitcher
|
0-0: Ball Balk! Hector Fernandez to third 1-0: Ground out 3-1 (Groundball, 34, EV 105.0 MPH)
|
|
Batting: RHB Joe Weissman
|
0-0: SINGLE (Line Drive, 3D, EV 100.0 MPH) Hector Fernandez scores
|
|
Batting: RHB Ron Major
|
0-0: Ball Passed Ball! Joe Weissman to second 1-0: Swinging Strike 1-1: Fly out, F8 (Flyball, 8RM, EV 80.6 MPH)
|
|
Batting: RHB Jeremy Mercer
|
0-0: Foul Ball, location: 2F 0-1: Foul Ball, location: 2F 0-2: Fly out, F8 (Line Drive, 8LD, EV 104.4 MPH)
|
| Top of the 6th over - 1 run, 2 hits, 0 errors, 1 left on base; Tri-City 3 - State College 3 |
| BOTTOM OF THE 6TH |
|
State College Spikes batting - Pitching for Tri-City Dust Devils : RHP Takahide Watanabe
|
|
Batting: LHB Shigeru Ono
|
0-0: Foul Ball, location: 2F 0-1: Ball 1-1: SINGLE (Line Drive, 7S, EV 111.9 MPH)
|
|
Batting: RHB Mark Marks
|
0-0: Ball 1-0: SINGLE (Line Drive, 7LS, EV 113.1 MPH) Shigeru Ono to second
|
|
Batting: RHB Francisco Vargas
|
0-0: Ball 1-0: Called Strike 1-1: Ball 2-1: Swinging Strike 2-2: Foul Ball, location: 2F 2-2: Strikes out swinging
|
|
Batting: RHB Mike Zimmerly
|
0-0: Ball 1-0: Called Strike 1-1: Foul Ball, location: 2F 1-2: Fly out, F7 (Flyball, 78M, EV 85.6 MPH)
|
|
Batting: RHB John Gibbs
|
0-0: Swinging Strike 0-1: Foul Ball, location: 2F 0-2: Strikes out swinging
|
| Bottom of the 6th over - 0 runs, 2 hits, 0 errors, 2 left on base; Tri-City 3 - State College 3 |
| TOP OF THE 7TH |
|
Tri-City Dust Devils batting - Pitching for State College Spikes : RHP Ed Puentes
|
|
Batting: SHB Ryan Brown
|
0-0: Ground out U3 (Groundball, 3S, EV 74.4 MPH)
|
|
Batting: LHB Frank McConnell
|
0-0: Ball 1-0: Swinging Strike 1-1: Foul Ball, location: 2F 1-2: Foul Ball, location: 2F 1-2: Ball 2-2: Fly out, F3 (Popup, 3F, EV 83.1 MPH)
|
|
Batting: RHB Jaden Scott
|
0-0: Ball 1-0: Foul Ball, location: 2F 1-1: Foul Ball, location: 2F 1-2: Foul Ball, location: 2F 1-2: Strikes out swinging
|
| Top of the 7th over - 0 runs, 0 hits, 0 errors, 0 left on base; Tri-City 3 - State College 3 |
| BOTTOM OF THE 7TH |
|
State College Spikes batting - Pitching for Tri-City Dust Devils : RHP Takahide Watanabe
|
|
Batting: SHB Steve Barnett
|
0-0: Ball 1-0: Ball 2-0: Called Strike 2-1: Called Strike 2-2: Ground out U3 (Groundball, 34S, EV 88.1 MPH)
|
|
Batting: RHB Francisco de la Cruz
|
0-0: Ball 1-0: Swinging Strike 1-1: Ground out 4-3 (Groundball, 34, EV 80.0 MPH)
|
|
Batting: RHB Mark Cahill
|
0-0: Ball 1-0: Swinging Strike 1-1: Called Strike 1-2: Strikes out swinging
|
| Bottom of the 7th over - 0 runs, 0 hits, 0 errors, 0 left on base; Tri-City 3 - State College 3 |
| TOP OF THE 8TH |
|
Tri-City Dust Devils batting - Pitching for State College Spikes : RHP Ed Puentes
|
|
Pitching: RHP Eric Glad
|
|
|
Batting: LHB Paul Adams
|
0-0: Ball 1-0: Ground out 4-3 (Groundball, 4, EV 110.0 MPH)
|
|
Batting: RHB Hector Fernandez
|
0-0: Called Strike 0-1: Swinging Strike 0-2: Foul Ball, location: 2F 0-2: Strikes out swinging
|
|
Batting: RHB Bryan Pitcher
|
0-0: Ball 1-0: Called Strike 1-1: Foul Ball, location: 2F 1-2: Fly out, F8 (Flyball, 8RS, EV 93.8 MPH)
|
| Top of the 8th over - 0 runs, 0 hits, 0 errors, 0 left on base; Tri-City 3 - State College 3 |
| BOTTOM OF THE 8TH |
|
State College Spikes batting - Pitching for Tri-City Dust Devils : RHP Takahide Watanabe
|
|
Batting: LHB Adam Eisen
|
0-0: Ball 1-0: Foul Ball, location: 2F 1-1: Called Strike 1-2: Strikes out looking
|
|
Batting: LHB Shigeru Ono
|
0-0: Called Strike 0-1: Ball 1-1: Ball 2-1: Foul Ball, location: 2F 2-2: Strikes out swinging
|
|
Batting: RHB Mark Marks
|
0-0: Called Strike 0-1: Swinging Strike 0-2: Foul Ball, location: 2F 0-2: Ball 1-2: DOUBLE (Flyball, 9LM, EV 93.8 MPH)
|
|
Pitching: RHP Eric Teixeira
|
|
|
Batting: RHB Francisco Vargas
|
0-0: Ball 1-0: Foul Ball, location: 2F 1-1: Ball 2-1: Ball 3-1: Base on Balls
|
|
Pinch Hitting: LHB Robert Rauda
|
0-0: Called Strike 0-1: TRIPLE (Groundball, 3L, EV 105.6 MPH) Mark Marks scores Francisco Vargas scores
|
|
Batting: RHB John Gibbs
|
0-0: Ball 1-0: Called Strike 1-1: Foul Ball, location: 2F 1-2: SINGLE (Groundball, 56, EV 96.9 MPH) (infield hit) Robert Rauda scores
|
|
Batting: SHB Steve Barnett
|
0-0: Called Strike 0-1: Called Strike 0-2: Strikes out swinging
|
| Bottom of the 8th over - 3 runs, 3 hits, 0 errors, 1 left on base; Tri-City 3 - State College 6 |
| TOP OF THE 9TH |
|
Tri-City Dust Devils batting - Pitching for State College Spikes : RHP Eric Glad
|
|
Pitching: RHP Rodriguo Persoa
|
|
|
Now at 2B: John Gibbs
|
|
|
Now at 3B: Immel Kamuzu
|
|
|
Batting: RHB Joe Weissman
|
0-0: Ball 1-0: Called Strike 1-1: Swinging Strike 1-2: Ball 2-2: Strikes out looking
|
|
Pinch Hitting: LHB Roger Duque
|
0-0: Ball 1-0: Ball 2-0: Ball 3-0: Base on Balls
|
|
Batting: RHB Jeremy Mercer
|
0-0: Ball 1-0: Foul Ball, location: 2F 1-1: Ball 2-1: Foul Ball, location: 2F 2-2: Foul Ball, location: 2F 2-2: Strikes out swinging
|
|
Pitching: RHP Bryan Vandenburgh
|
|
|
Batting: SHB Ryan Brown
|
0-0: Ball 1-0: Foul Ball, location: 2F 1-1: Foul Ball, location: 2F 1-2: SINGLE (Line Drive, 8LS, EV 106.9 MPH) Roger Duque to second
|
|
Batting: LHB Frank McConnell
|
0-0: Foul Ball, location: 2F 0-1: SINGLE (Groundball, 6MS, EV 71.9 MPH) (infield hit) Roger Duque to third Ryan Brown to second
|
|
Batting: RHB Jaden Scott
|
0-0: Foul Ball, location: 2F 0-1: Ball 1-1: Called Strike 1-2: Strikes out swinging
|
| Top of the 9th over - 0 runs, 2 hits, 0 errors, 3 left on base; Tri-City 3 - State College 6 |
|